 Dungeon Crawl Stone Soup version 0.16.1-2-g95b8d4c (webtiles) character file.

560 tombik the Ducker (level 7, -17/54 HPs)
             Began as a Human Berserker on Mar 25, 2015.
             Was an Elder of Trog.
             Demolished by an ogre
             ... wielding a +0 giant club
              (25 damage)
             ... on level 5 of the Dungeon.
             The game lasted 00:19:37 (4308 turns).

tombik the Ducker (Human Berserker)                 Turns: 4308, Time: 00:19:37

Health: -17/54     AC:  4    Str: 19    XL:     7   Next: 57%
Magic:  7/7        EV: 13    Int:  7    God:    Trog [****..]
Gold:   254        SH:  4    Dex: 13    Spells: 0 memorised, 6 levels left

rFire  . . .     SeeInvis .     a - +0 hand axe
rCold  . . .     Clarity  .     f - +0 leather armour
rNeg   . . .     SustAb   .     o - +0 buckler
rPois  .         Gourm    .     (no helmet)
rElec  .         Spirit   .     (no cloak)
rCorr  .         Warding  .     (no gloves)
rMut   .         Stasis   .     l - +0 pair of boots
MR     .....                    (no amulet)
Stlth  +.........               (no ring)
                                (no ring)

@: exhausted, flying, slowed, very slow, not resistant to hostile enchantments,
very unstealthy
A: no striking features
a: Burn Spellbooks, Berserk, Trog's Hand, Brothers in Arms, Renounce Religion


You were on level 5 of the Dungeon.
You worshipped Trog.
Trog was greatly pleased with you.
You were very hungry.

You visited 1 branch of the dungeon, and saw 5 of its levels.

You collected 254 gold pieces.

Inventory:

Hand weapons
 a - a +0 hand axe (weapon)
Armour
 b - a +0 animal skin
 f - a +0 leather armour (worn)
 l - a +0 pair of boots (worn)
 o - a +0 buckler (worn)
Jewellery
 r - an uncursed ring of protection from magic {unknown}
 t - an uncursed ring of poison resistance {unknown}
 w - an uncursed ring of magical power {unknown}
Magical devices
 x - a wand of magic darts (33)
 G - a wand of random effects (21)
 I - a wand of confusion (28)
Scrolls
 d - 5 scrolls of teleportation
 e - 6 scrolls of identify {unknown}
 g - 2 scrolls of fear {unknown}
 h - 2 scrolls of fog {unknown}
 j - a scroll of remove curse {unknown}
 k - 2 scrolls of enchant armour {unknown}
 s - a scroll of magic mapping {unknown}
 u - a scroll of recharging {unknown}
 y - a scroll of amnesia {unknown}
 D - a scroll of noise {unknown}
Potions
 n - a potion of brilliance {unknown}
 p - 2 potions of heal wounds {unknown}
 z - a potion of magic {unknown}
 A - a potion of poison {unknown}
 B - a potion of curing {unknown}
 C - a potion of beneficial mutation {unknown}
 E - a potion of restore abilities {unknown}
Comestibles
 c - 4 bread rations
 i - a slice of pizza
 q - a beef jerky
 v - 2 meat rations
 F - 2 chunks of flesh
 H - a royal jelly


   Skills:
 + Level 4.2 Fighting
 + Level 4.5 Axes
 + Level 3.1 Armour
 + Level 4.9 Dodging
 - Level 0.4 Stealth
 * Level 2.4 Shields


You had 6 spell levels left.
You didn't know any spells.

Dungeon Overview and Level Annotations

Branches:
Dungeon (5/15)             Temple (0/1) D:5

Altars:
Gozag
Okawaru


Message History

You hit the giant mite.
You kill the giant mite!
Trog accepts your kill.
You closely miss the crimson imp. The crimson imp barely misses you.
The crimson imp blinks!
The ogre barely misses you.
Found a metallic amethyst potion.
You see here a giant mite corpse.
The crimson imp blinks!
You barely miss the ogre. The ogre hits you with a giant club!!
Ouch! That really hurt!
* * * LOW HITPOINT WARNING * * *
The ogre misses you.
It was a potion of flight.
You feel very buoyant.
You fly up into the air.
The crimson imp blinks!
The ogre completely misses you.
Use which ability? (? or * to list)
You fail to use your ability.
The ogre hits you with a giant club!!
You die...

### ####
##≈≈# ##..##
#.≈≈.##@##.#
#.≈≈.#O##.##
#.≈≈§†###.#
#.≈≈.## #.##
#.5≈.# ##.#
#.≈≈!#. #.#
#.≈≈.#.###.#
#.≈≈. #.#.##
#.≈≈. #.##


You could see an ogre and a crimson imp.

Vanquished Creatures
  A sky beast (D:5)
  An ogre (D:5)
  Sigmund (D:2)
  An orc wizard (D:3)
  Natasha (twice) (D:4)
  2 worker ants (D:4)
  Jessica (D:2)
  Robin (D:2)
  4 adders
  A shadow imp (D:4)
  3 giant mites
  2 worms
  3 giant geckos
  An ooze (D:3)
  9 orcs
  A ball python (D:2)
  4 giant cockroaches
  9 hobgoblins
  8 jackals
  7 kobolds
  12 bats
  2 giant newts
  16 goblins
  A quokka (D:2)
  13 rats
106 creatures vanquished.

Notes
Turn   | Place    | Note
--------------------------------------------------------------
     0 | D:1      | tombik, the Human Berserker, began the quest for the Orb.
     0 | D:1      | Reached XP level 1. HP: 18/18 MP: 1/1
   106 | D:1      | Reached XP level 2. HP: 5/24 MP: 2/2
   887 | D:1      | Reached XP level 3. HP: 20/29 MP: 3/3
   960 | D:1      | Acquired Trog's second power
  1192 | D:2      | Noticed Jessica
  1201 | D:2      | Killed Jessica
  1321 | D:2      | Noticed Sigmund
  1331 | D:2      | Killed Sigmund
  1331 | D:2      | Reached XP level 4. HP: 33/37 MP: 4/4
  1331 | D:2      | Reached XP level 5. HP: 37/42 MP: 5/5
  1604 | D:2      | Found an opulent altar of Gozag.
  1644 | D:2      | Noticed Robin
  1667 | D:2      | Killed Robin
  1855 | D:2      | Reached skill level 4 in Axes
  1880 | D:2      | Reached skill level 1 in Shields
  2212 | D:3      | Found an iron altar of Okawaru.
  2346 | D:3      | Reached XP level 6. HP: 38/48 MP: 6/6
  3341 | D:4      | Noticed Natasha
  3349 | D:4      | Killed Natasha
  3585 | D:4      | Noticed Natasha
  3599 | D:4      | Killed Natasha
  3720 | D:4      | Acquired Trog's third power
  3720 | D:4      | Reached XP level 7. HP: 24/54 MP: 7/7
  4156 | D:5      | Entered Level 5 of the Dungeon
  4156 | D:5      | Found a staircase to the Ecumenical Temple.
  4308 | D:5      | Demolished by an ogre

Action                   |  1- 3 |  4- 6 |  7- 9 || total
-------------------------+-------+-------+-------++-------
Melee: Hand axe          |    97 |   311 |    53 ||   461
Invok: Berserk           |     2 |     3 |     1 ||     6
  Use: Scroll            |     1 |       |       ||     1
       Potion            |       |       |     1 ||     1
 Stab: Sleeping          |     1 |       |       ||     1
  Eat: Chunk             |     1 |    11 |     2 ||    14
       Royal jelly       |     1 |       |       ||     1
